[Event "30th Abu Dhabi Festival A-Open 2024"]
[Site "Abu Dhabi"]
[Date "2024.08.21"]
[Round "6.3"]
[White "Rzayev, Chingiz"]
[Black "Shen, Fuyan"]
[Result "1/2-1/2"]
[ECO "A03"]
[WhiteElo "2134"]
[BlackElo "1826"]
[Annotator "RC"]
[PlyCount "96"]
[EventDate "2024.08.15"]
[EventType "swiss"]
[EventCountry "UAE"]
[SourceTitle "playchess.com"]
[Source "ChessBase"]
[SourceQuality "1"]
[TimeControl "5400+30"]

1. b3 d5 2. Bb2 Bf5 3. f4 e6 4. Nf3 h6 5. e3 Nf6 6. Be2 Bd6 7. O-O O-O 8. Ne5 c5 9. d3 Nfd7 10. Nxd7 Qxd7 11. Nd2 Nc6 12. Qe1 Bh7 13. Qh4 e5 14. fxe5 Bxe5 15. Bxe5 Nxe5 16. Rf2 Rae8 17. Nf1 Qe6 18. d4 Nc6 19. c4 cxd4 20. exd4 Be4 21. cxd5 Qxd5 22. Bc4 Qxd4 23. Re1 Bg6 24. Qxd4 Nxd4 25. Rd1 Ne6 26. Ng3 a6 27. a4 Nc5 28. h4 Re3 29. Nf5 Re5 30. Rd5 Rxf5 31. Rfxf5 Bxf5 32. Rxc5 Be6 33. Rc7 Rc8 34. Rxc8+ Bxc8 35. b4 Kf8 36. Kf2 Ke7 37. Ke3 g5 38. hxg5 hxg5 39. Kd4 Be6 40. Be2 Bd7 41. Bf3 Bc6 42. Bxc6 bxc6 43. Kc5 Kd7 44. Kb6 f5 45. Kxa6 f4 46. b5 cxb5 47. axb5 g4 48. b6 f3 1/2-1/2

[Event "30th Abu Dhabi Festival A-Open 2024"]
[Site "Abu Dhabi"]
[Date "2024.08.21"]
[Round "6.4"]
[White "Barretto, Franz"]
[Black "Diaz Villagran, Robert"]
[Result "0-1"]
[ECO "E91"]
[WhiteElo "2101"]
[BlackElo "2268"]
[Annotator "RC"]
[PlyCount "94"]
[EventDate "2024.08.15"]
[EventType "swiss"]
[EventCountry "UAE"]
[SourceTitle "playchess.com"]
[Source "ChessBase"]
[SourceQuality "1"]
[TimeControl "5400+30"]

1. d4 Nf6 2. c4 g6 3. Nc3 Bg7 4. e4 d6 5. Nf3 O-O 6. Be2 Nbd7 7. e5 dxe5 8. dxe5 Ng4 9. e6 fxe6 10. O-O Nde5 11. Qxd8 Rxd8 12. Ng5 Nf6 13. Nb5 Ne8 14. Be3 h6 15. Ne4 b6 16. Rad1 Bb7 17. Nec3 a6 18. Nd4 Kf7 19. f4 Nc6 20. Nb3 Nb4 21. c5 Nd5 22. Nxd5 Bxd5 23. cxb6 cxb6 24. Bxb6 Rdb8 25. Bd4 a5 26. Bxg7 Nxg7 27. Rd2 Bxb3 28. axb3 Rxb3 29. Ra1 Rab8 30. Rxa5 Rxb2 31. Rxb2 Rxb2 32. Bc4 Rb4 33. Rc5 Nf5 34. g3 Rb1+ 35. Kf2 Rb2+ 36. Kg1 Nd4 37. h4 Rc2 38. Kf1 h5 39. Rc8 Nf5 40. Ke1 Rg2 41. Rc6 Nd4 42. Rb6 Rxg3 43. Kf2 Rf3+ 44. Kg2 Rxf4 45. Kg3 Rg4+ 46. Kh3 Re4 47. Ra6 Nf5 0-1

[Event "30th Abu Dhabi Festival A-Open 2024"]
[Site "Abu Dhabi"]
[Date "2024.08.21"]
[Round "6.5"]
[White "Dinesh Rajan M"]
[Black "Saydaliev, Akobirkhon"]
[Result "1-0"]
[ECO "C05"]
[WhiteElo "2092"]
[BlackElo "2266"]
[Annotator "RC"]
[PlyCount "89"]
[EventDate "2024.08.15"]
[EventType "swiss"]
[EventCountry "UAE"]
[SourceTitle "playchess.com"]
[Source "ChessBase"]
[SourceQuality "1"]
[TimeControl "5400+30"]

1. e4 e6 2. d4 d5 3. Nc3 Nf6 4. e5 Nfd7 5. f4 c5 6. Nf3 Nc6 7. Ne2 cxd4 8. Nexd4 Nc5 9. Be3 Be7 10. Be2 O-O 11. O-O Ne4 12. Kh1 Bd7 13. Bd3 Rc8 14. c3 h6 15. Qe2 a6 16. Nxc6 Bxc6 17. f5 exf5 18. Nd4 Bg5 19. Nxf5 Qc7 20. Bxe4 dxe4 21. Qg4 Bd7 22. Bxg5 Bxf5 23. Rxf5 hxg5 24. Rxg5 f6 25. exf6 Rxf6 26. Rxg7+ Qxg7 27. Qxc8+ Kh7 28. Qh3+ Kg8 29. Rd1 Qe7 30. Qe3 Qe5 31. Kg1 Qf5 32. h3 Qe5 33. Qd4 Qf4 34. Re1 Re6 35. Qd5 Qf7 36. Qg5+ Kh7 37. Rf1 Qg6 38. Qxg6+ Kxg6 39. Kf2 Rd6 40. Ke2 Kg5 41. Rf7 b5 42. Rg7+ Kf5 43. h4 a5 44. Rg5+ Kf4 45. g3# 1-0

[Event "30th Abu Dhabi Festival A-Open 2024"]
[Site "Abu Dhabi"]
[Date "2024.08.21"]
[Round "6.6"]
[White "Rayes, Abdul Kader"]
[Black "Aditya Varun Gampa"]
[Result "1/2-1/2"]
[ECO "E05"]
[WhiteElo "2064"]
[BlackElo "2261"]
[Annotator "RC"]
[PlyCount "45"]
[EventDate "2024.08.15"]
[EventType "swiss"]
[EventCountry "UAE"]
[SourceTitle "playchess.com"]
[Source "ChessBase"]
[SourceQuality "1"]
[TimeControl "5400+30"]

1. d4 Nf6 2. Nf3 d5 3. g3 e6 4. Bg2 Be7 5. O-O O-O 6. c4 dxc4 7. Qc2 a6 8. Qxc4 b5 9. Qc2 Bb7 10. Bd2 Be4 11. Qc1 Ra7 12. Nc3 Bb7 13. Rd1 Nbd7 14. Be3 Nb6 15. Ne5 Bxg2 16. Kxg2 Qa8+ 17. f3 Rc8 18. Nd3 b4 19. Nb1 c6 20. Nd2 a5 21. Nb3 Rd7 22. Nbc5 Rdd8 23. a3 1/2-1/2

[Event "30th Abu Dhabi Festival A-Open 2024"]
[Site "Abu Dhabi"]
[Date "2024.08.21"]
[Round "6.7"]
[White "Felix, Raphael"]
[Black "Kuandykuly, Danis"]
[Result "1/2-1/2"]
[ECO "B67"]
[WhiteElo "2054"]
[BlackElo "2224"]
[Annotator "RC"]
[PlyCount "73"]
[EventDate "2024.08.15"]
[EventType "swiss"]
[EventCountry "UAE"]
[SourceTitle "playchess.com"]
[Source "ChessBase"]
[SourceQuality "1"]
[TimeControl "5400+30"]

1. e4 c5 2. Nf3 d6 3. d4 cxd4 4. Nxd4 Nf6 5. Nc3 Nc6 6. Bg5 Bd7 7. Qd2 a6 8. O-O-O e6 9. h4 Be7 10. f3 Qc7 11. Kb1 Nxd4 12. Qxd4 b5 13. Bxf6 Bxf6 14. Qxd6 Qxd6 15. Rxd6 Be5 16. Rd1 Ke7 17. Ne2 Rhd8 18. f4 Bc7 19. g3 b4 20. Bg2 e5 21. Bf3 Bb5 22. fxe5 Bxe5 23. Nf4 Ke8 24. Nd5 a5 25. g4 Rac8 26. g5 Rc5 27. h5 Rdc8 28. Rd2 Ba4 29. b3 Bb5 30. g6 h6 31. Bg4 Rd8 32. Rf2 f6 33. Be6 Bc6 34. Rf5 Bxd5 35. exd5 Ke7 36. Rf3 Kd6 37. Re1 1/2-1/2

[Event "30th Abu Dhabi Festival A-Open 2024"]
[Site "Abu Dhabi"]
[Date "2024.08.21"]
[Round "6.8"]
[White "Fadi, Marko"]
[Black "UNWANA, Eugene Ekpoikong"]
[Result "1/2-1/2"]
[ECO "B01"]
[WhiteElo "2221"]
[BlackElo "2042"]
[Annotator "RC"]
[PlyCount "40"]
[EventDate "2024.08.15"]
[EventType "swiss"]
[EventCountry "UAE"]
[SourceTitle "playchess.com"]
[Source "ChessBase"]
[SourceQuality "1"]
[TimeControl "5400+30"]

1. e4 d5 2. exd5 Nf6 3. d4 Nxd5 4. c4 Nf6 5. Nf3 Bg4 6. Be2 e6 7. Qb3 Qc8 8. h3 Bh5 9. Bg5 Nbd7 10. Nc3 c6 11. O-O h6 12. Be3 Bd6 13. Rfe1 O-O 14. c5 Bc7 15. Qc2 Rd8 16. Rad1 Qb8 17. Qc1 Re8 18. b4 Qd8 19. Bf4 Qb8 20. Be3 a6 1/2-1/2

[Event "30th Abu Dhabi Festival A-Open 2024"]
[Site "Abu Dhabi"]
[Date "2024.08.21"]
[Round "6.9"]
[White "Zhou, Yichen"]
[Black "Dere Pushkar"]
[Result "1-0"]
[ECO "D10"]
[WhiteElo "2023"]
[BlackElo "2217"]
[Annotator "RC"]
[PlyCount "85"]
[EventDate "2024.08.15"]
[EventType "swiss"]
[EventCountry "UAE"]
[SourceTitle "playchess.com"]
[Source "ChessBase"]
[SourceQuality "1"]
[TimeControl "5400+30"]

1. d4 d5 2. c4 c6 3. cxd5 cxd5 4. Nc3 Nf6 5. Bf4 Nc6 6. e3 a6 7. Bd3 Bg4 8. f3 Bd7 9. Nge2 e6 10. O-O Nh5 11. Be5 Nxe5 12. dxe5 Bc5 13. f4 Bxe3+ 14. Kh1 g6 15. Rf3 Ba7 16. Qe1 Ng7 17. Rd1 Nf5 18. Bxf5 gxf5 19. Nd4 Bxd4 20. Rxd4 Rc8 21. Qd2 Qc7 22. h3 Rg8 23. Kh2 Qc5 24. a4 Rg6 25. Rfd3 Qc6 26. Qe1 Kf8 27. Qh4 Kg8 28. Ne2 Qc2 29. Rd2 Qb1 30. Qf2 Qa2 31. Rb4 d4 32. Rbxd4 Bc6 33. Ng3 Qb3 34. Nh5 Qb6 35. a5 Qxa5 36. Qh4 Bd5 37. Nf6+ Kf8 38. Qxh7 Rd8 39. b4 Qb5 40. Qh8+ Ke7 41. Qh4 Kf8 42. Rc2 Qb6 43. Nd7+ 1-0

[Event "30th Abu Dhabi Festival A-Open 2024"]
[Site "Abu Dhabi"]
[Date "2024.08.21"]
[Round "6.10"]
[White "Bapat Aniket"]
[Black "Abdullayev, Elshad"]
[Result "1/2-1/2"]
[ECO "E20"]
[WhiteElo "1863"]
[BlackElo "2205"]
[Annotator "RC"]
[PlyCount "93"]
[EventDate "2024.08.15"]
[EventType "swiss"]
[EventCountry "UAE"]
[SourceTitle "playchess.com"]
[Source "ChessBase"]
[SourceQuality "1"]
[TimeControl "5400+30"]

1. d4 d5 2. c4 e6 3. Nf3 Nf6 4. g3 Bb4+ 5. Nc3 O-O 6. Bg2 dxc4 7. O-O c5 8. dxc5 Bxc5 9. Qa4 Qc7 10. Nb5 Qb6 11. Qxc4 Bd7 12. Nc3 Bc6 13. Na4 Bxa4 14. Qxa4 Nc6 15. Bd2 a6 16. Rac1 Be7 17. e3 Qb5 18. Qxb5 axb5 19. a3 Ne4 20. Be1 Bf6 21. Rc2 Nd6 22. Nd2 b4 23. Bxc6 bxa3 24. bxa3 bxc6 25. Rxc6 Nb5 26. Nc4 Rfc8 27. Rxc8+ Rxc8 28. Nb6 Rc6 29. Nd7 Nxa3 30. Nxf6+ gxf6 31. Bb4 Nc4 32. Ra1 Kg7 33. Ra8 Ne5 34. Bf8+ Kg6 35. Ra2 Rc8 36. Bd6 Nc4 37. Bb4 Rb8 38. Bc3 Rb3 39. Bd4 e5 40. Bc5 Rb5 41. Be7 Rb7 42. Bf8 Rb8 43. Bc5 Rb5 44. Ba7 Ra5 45. Rc2 Na3 46. Bb6 Nxc2 47. Bxa5 1/2-1/2

[Event "30th Abu Dhabi Festival A-Open 2024"]
[Site "Abu Dhabi"]
[Date "2024.08.21"]
[Round "6.11"]
[White "Wen, Gehua"]
[Black "Saif, Ahmed"]
[Result "1/2-1/2"]
[ECO "A35"]
[WhiteElo "2119"]
[BlackElo "2022"]
[Annotator "RC"]
[PlyCount "93"]
[EventDate "2024.08.15"]
[EventType "swiss"]
[EventCountry "UAE"]
[SourceTitle "playchess.com"]
[Source "ChessBase"]
[SourceQuality "1"]
[TimeControl "5400+30"]

1. Nf3 c5 2. c4 Nc6 3. Nc3 g6 4. e3 Nf6 5. d4 cxd4 6. exd4 d5 7. cxd5 Nxd5 8. Qb3 Nxc3 9. Bc4 Nd5 10. Bxd5 e6 11. Bxc6+ bxc6 12. O-O Qd5 13. Qa4 f6 14. Bf4 Kf7 15. Rac1 Be7 16. Rfd1 Rd8 17. Qxc6 Bb7 18. Qxd5 Bxd5 19. a3 a5 20. Ne1 g5 21. Be3 Rab8 22. Nd3 Rb7 23. f3 h5 24. Kf2 h4 25. b4 axb4 26. Nxb4 Bxb4 27. axb4 Rxb4 28. Rb1 Rdb8 29. Rxb4 Rxb4 30. h3 Kg6 31. f4 gxf4 32. Bxf4 Kf5 33. Bh6 Rb3 34. Rd2 Rg3 35. Kf1 Ke4 36. Bf8 Rb3 37. Kg1 f5 38. Be7 Rb1+ 39. Kh2 f4 40. Bxh4 f3 41. gxf3+ Kxf3 42. Bf6 Kf4 43. Be5+ Kg5 44. Kg3 Rg1+ 45. Kf2 Rg2+ 46. Ke3 Rxd2 47. Kxd2 1/2-1/2

[Event "30th Abu Dhabi Festival A-Open 2024"]
[Site "Abu Dhabi"]
[Date "2024.08.21"]
[Round "6.12"]
[White "Kazhmuratov, Altair"]
[Black "EYENGHE, Sunny"]
[Result "0-1"]
[ECO "E91"]
[WhiteElo "1994"]
[BlackElo "2098"]
[Annotator "RC"]
[PlyCount "118"]
[EventDate "2024.08.15"]
[EventType "swiss"]
[EventCountry "UAE"]
[SourceTitle "playchess.com"]
[Source "ChessBase"]
[SourceQuality "1"]
[TimeControl "5400+30"]

1. Nf3 Nf6 2. c4 g6 3. Nc3 Bg7 4. e4 d6 5. d4 Bg4 6. Be2 O-O 7. O-O Bxf3 8. Bxf3 e5 9. Be3 exd4 10. Bxd4 Nc6 11. Be3 a6 12. h3 Re8 13. Qc2 h6 14. Rad1 Qc8 15. Nd5 Ne5 16. Be2 Ned7 17. f3 Kh7 18. Rfe1 Nh5 19. f4 Ng3 20. Bf3 f5 21. Bf2 Nxe4 22. Bxe4 fxe4 23. Rxe4 Rxe4 24. Qxe4 Nf6 25. Qe7 Nxd5 26. cxd5 Qd8 27. Re1 Kh8 28. Qf7 Qf6 29. Re7 Qxf7 30. Rxf7 Rc8 31. b3 Kg8 32. Rd7 Bf6 33. g4 Kf8 34. Rh7 Bg7 35. f5 gxf5 36. g5 hxg5 37. Rh5 Bf6 38. Rh7 b5 39. Kg2 c6 40. Rd7 Be7 41. Ra7 cxd5 42. Rxa6 Rc2 43. Ra5 g4 44. hxg4 Bh4 45. Kh3 Bxf2 46. gxf5 d4 47. Rxb5 d3 48. Rd5 d2 49. Kg4 Be3 50. Kf3 Rc1 51. Rxd6 d1=Q+ 52. Rxd1 Rxd1 53. Kxe3 Ra1 54. Kd4 Rxa2 55. b4 Ke7 56. Kc5 Kd7 57. b5 Rf2 58. Kb6 Rxf5 59. Ka6 Kc7 0-1

[Event "30th Abu Dhabi Festival A-Open 2024"]
[Site "Abu Dhabi"]
[Date "2024.08.22"]
[Round "7.1"]
[White "Md Imran"]
[Black "Manukyan, Sargis A."]
[Result "0-1"]
[ECO "E06"]
[WhiteElo "2225"]
[BlackElo "2211"]
[Annotator "RC"]
[PlyCount "100"]
[EventDate "2024.08.15"]
[EventType "swiss"]
[EventCountry "UAE"]
[SourceTitle "playchess.com"]
[Source "ChessBase"]
[SourceQuality "1"]
[TimeControl "5400+30"]

1. d4 d5 2. Nf3 Nf6 3. c4 e6 4. g3 Be7 5. Bg2 O-O 6. Nc3 c5 7. O-O cxd4 8. Nxd4 e5 9. Nb3 d4 10. Nd5 Nc6 11. f4 e4 12. Nxf6+ Bxf6 13. Bxe4 Re8 14. Bd3 b6 15. Nd2 Bb7 16. a3 a5 17. Nf3 Qc8 18. Qc2 g6 19. Bd2 Ne7 20. Rac1 Qh3 21. Rf2 Nf5 22. b4 axb4 23. axb4 Ra3 24. Qd1 Ne3 25. Bxe3 Rxe3 26. Qf1 Qh5 27. Rd1 g5 28. fxg5 Bxg5 29. h4 Rexd3 30. Rxd3 Rxd3 31. exd3 Be3 32. Kg2 Bxf2 33. Qxf2 Qf5 34. Qe2 Kg7 35. Kf2 Kf8 36. Kg2 b5 37. c5 Bc6 38. Kf2 f6 39. Qd1 Kg7 40. Qe2 Kg6 41. g4 Qf4 42. h5+ Kf7 43. Qd1 Kf8 44. Qe2 h6 45. Qd1 Qxg4 46. Qe2 Qf4 47. Qd1 Qe3+ 48. Kg3 f5 49. Qf1 f4+ 50. Kg4 Bd7+ 0-1

[Event "30th Abu Dhabi Festival A-Open 2024"]
[Site "Abu Dhabi"]
[Date "2024.08.22"]
[Round "7.2"]
[White "Shen, Fuyan"]
[Black "Lad Mandar Pradip"]
[Result "1-0"]
[ECO "A28"]
[WhiteElo "1826"]
[BlackElo "2254"]
[Annotator "RC"]
[PlyCount "67"]
[EventDate "2024.08.15"]
[EventType "swiss"]
[EventCountry "UAE"]
[SourceTitle "playchess.com"]
[Source "ChessBase"]
[SourceQuality "1"]
[TimeControl "5400+30"]

1. c4 e5 2. Nc3 Nf6 3. Nf3 Nc6 4. e3 Bb4 5. Qc2 O-O 6. Nd5 Re8 7. Qf5 d6 8. Nxf6+ gxf6 9. Qh5 d5 10. Bd3 e4 11. cxd5 exd3 12. dxc6 bxc6 13. b3 Qd5 14. Qh4 Bf8 15. Bb2 Bg7 16. h3 Re4 17. Qg3 Qd6 18. Rc1 Bd7 19. O-O a5 20. Bd4 Kh8 21. Rc3 Rg8 22. Ne1 Rxd4 23. exd4 Qd5 24. Rxd3 Bf5 25. Rc3 Be4 26. Qf4 f5 27. Rg3 Bb1 28. a3 Ba2 29. Nf3 Bxb3 30. Rc1 a4 31. Ne5 Qd6 32. Rxb3 Bxe5 33. dxe5 Qd5 34. Rg3 1-0

[Event "30th Abu Dhabi Festival A-Open 2024"]
[Site "Abu Dhabi"]
[Date "2024.08.22"]
[Round "7.3"]
[White "Diaz Villagran, Robert"]
[Black "Dinesh Rajan M"]
[Result "0-1"]
[ECO "C54"]
[WhiteElo "2268"]
[BlackElo "2092"]
[Annotator "RC"]
[PlyCount "119"]
[EventDate "2024.08.15"]
[EventType "swiss"]
[EventCountry "UAE"]
[SourceTitle "playchess.com"]
[Source "ChessBase"]
[SourceQuality "1"]
[TimeControl "5400+30"]

1. e4 e5 2. Nf3 Nc6 3. Bc4 Nf6 4. d3 Bc5 5. O-O d6 6. c3 a6 7. a4 h6 8. Re1 Ba7 9. b4 g5 10. Be3 Nh5 11. b5 Na5 12. Ba2 g4 13. Nfd2 Nf4 14. Nf1 h5 15. d4 Qf6 16. Nbd2 h4 17. Nc4 Nxc4 18. Bxc4 h3 19. Bxf4 hxg2 20. Bg3 gxf1=Q+ 21. Bxf1 a5 22. Bc4 Be6 23. Bxe6 Qxe6 24. dxe5 dxe5 25. Qd5 Qxd5 26. exd5 f6 27. Re4 O-O-O 28. Rd1 Rhg8 29. Kg2 Bc5 30. f4 gxf3+ 31. Kxf3 Bd6 32. Re2 Rde8 33. Rde1 Kd7 34. Re3 Rg5 35. c4 b6 36. Re4 f5 37. Rh4 Re7 38. Re2 e4+ 39. Kf2 Rf7 40. Rh6 f4 41. Bh4 Bc5+ 42. Ke1 Rg1+ 43. Kd2 f3 44. Rxe4 f2 45. Bxf2 Rxf2+ 46. Re2 Rxe2+ 47. Kxe2 Ra1 48. h4 Rxa4 49. Kd3 Ra3+ 50. Ke4 Re3+ 51. Kf5 a4 52. Rh8 Re8 53. Rh7+ Kd8 54. Rg7 a3 55. Rg2 Rf8+ 56. Ke6 Bf2 57. d6 a2 58. dxc7+ Kxc7 59. Rg7+ Kb8 60. h5 0-1

[Event "30th Abu Dhabi Festival A-Open 2024"]
[Site "Abu Dhabi"]
[Date "2024.08.22"]
[Round "7.4"]
[White "EYENGHE, Sunny"]
[Black "Rzayev, Chingiz"]
[Result "0-1"]
[ECO "E65"]
[WhiteElo "2098"]
[BlackElo "2134"]
[Annotator "RC"]
[PlyCount "98"]
[EventDate "2024.08.15"]
[EventType "swiss"]
[EventCountry "UAE"]
[SourceTitle "playchess.com"]
[Source "ChessBase"]
[SourceQuality "1"]
[TimeControl "5400+30"]

1. Nf3 Nf6 2. g3 c5 3. Bg2 Nc6 4. c4 g6 5. O-O Bg7 6. Nc3 O-O 7. d4 cxd4 8. Nxd4 Nxd4 9. Qxd4 d6 10. h3 Bd7 11. Qd3 Bc6 12. e4 Nd7 13. b3 Nc5 14. Qc2 Nxe4 15. Bxe4 Bxe4 16. Qxe4 Bxc3 17. Rb1 Qd7 18. Kh2 Qf5 19. Qxf5 gxf5 20. Bg5 f6 21. Bh6 Rfd8 22. Rbc1 Bb4 23. Kg2 a5 24. Be3 a4 25. Rfd1 axb3 26. axb3 Bc5 27. Bxc5 dxc5 28. Ra1 Rxd1 29. Rxa8+ Kf7 30. Rc8 b6 31. Rh8 Kg7 32. Re8 Rd7 33. h4 h5 34. Kf1 f4 35. gxf4 Kg6 36. Ke2 Kf5 37. f3 Kxf4 38. Rh8 Ra7 39. Rxh5 Ra3 40. Rh7 e5 41. Rf7 f5 42. h5 Rxb3 43. h6 Rb2+ 44. Kd3 Rf2 45. h7 Rxf3+ 46. Ke2 Rh3 47. Rb7 e4 48. Rf7 Ke5 49. Kf2 f4 0-1

[Event "30th Abu Dhabi Festival A-Open 2024"]
[Site "Abu Dhabi"]
[Date "2024.08.22"]
[Round "7.5"]
[White "Aditya Varun Gampa"]
[Black "Zhou, Yichen"]
[Result "1/2-1/2"]
[ECO "B50"]
[WhiteElo "2261"]
[BlackElo "2023"]
[Annotator "RC"]
[PlyCount "91"]
[EventDate "2024.08.15"]
[EventType "swiss"]
[EventCountry "UAE"]
[SourceTitle "playchess.com"]
[Source "ChessBase"]
[SourceQuality "1"]
[TimeControl "5400+30"]

1. e4 c5 2. Nf3 d6 3. Nc3 Nf6 4. e5 dxe5 5. Nxe5 e6 6. Bb5+ Nbd7 7. d4 a6 8. Bxd7+ Nxd7 9. Qf3 Qf6 10. Bf4 cxd4 11. Ne4 Qf5 12. Nc4 Qd5 13. Ncd6+ Bxd6 14. Nxd6+ Ke7 15. Qxd5 exd5 16. O-O-O Nc5 17. Rhe1+ Be6 18. Rxd4 Rhd8 19. b4 Rxd6 20. Bxd6+ Kxd6 21. bxc5+ Kxc5 22. c3 b5 23. a4 bxa4 24. Rxa4 a5 25. Kd2 Bd7 26. Ra3 a4 27. Re7 Be6 28. Rb7 h6 29. Ke3 Ra6 30. f3 h5 31. h4 Ra8 32. Kf4 Kd6 33. Kg5 Ra5 34. Kf4 Ra8 35. Ke3 Kc5 36. Kf4 Kd6 37. g4 hxg4 38. fxg4 Bd7 39. h5 Re8 40. Rb4 Re1 41. Kg5 Rg1 42. Kh4 f6 43. Rd4 Ke5 44. Ra2 Rh1+ 45. Kg3 Rc1 46. Ra3 1/2-1/2

[Event "30th Abu Dhabi Festival A-Open 2024"]
[Site "Abu Dhabi"]
[Date "2024.08.22"]
[Round "7.6"]
[White "Yeremyan, Alen"]
[Black "Felix, Raphael"]
[Result "1-0"]
[ECO "B23"]
[WhiteElo "2279"]
[BlackElo "2054"]
[Annotator "RC"]
[PlyCount "125"]
[EventDate "2024.08.15"]
[EventType "swiss"]
[EventCountry "UAE"]
[SourceTitle "playchess.com"]
[Source "ChessBase"]
[SourceQuality "1"]
[TimeControl "5400+30"]

1. e4 c5 2. Nc3 d6 3. d4 cxd4 4. Qxd4 Nc6 5. Qd2 g6 6. b3 Bh6 7. f4 Nf6 8. Bb2 O-O 9. O-O-O e5 10. g3 exf4 11. Kb1 Bg4 12. Re1 Re8 13. h3 Be6 14. Nf3 Bg7 15. gxf4 d5 16. f5 Bd7 17. fxg6 hxg6 18. e5 Ne4 19. Qxd5 Nxc3+ 20. Bxc3 Qc7 21. Bd3 Be6 22. Qe4 Bf5 23. Qc4 Bxd3 24. cxd3 Qd7 25. Rhf1 Rac8 26. Qe4 Red8 27. e6 Qxe6 28. Qxe6 fxe6 29. Bxg7 Kxg7 30. Ng5 Rd7 31. Nxe6+ Kg8 32. Rf6 Re7 33. Rg1 Ne5 34. d4 Rf7 35. dxe5 Rxf6 36. exf6 Kf7 37. Nf4 Kxf6 38. Rg3 Kf5 39. Rxg6 Rg8 40. Rg4 Rh8 41. Kc2 b5 42. Kd3 a5 43. Ke3 Re8+ 44. Kf3 Rd8 45. Rg5+ Kf6 46. Rxb5 a4 47. bxa4 Rc8 48. a5 Rc2 49. Kg4 Rxa2 50. Rb6+ Kg7 51. a6 Ra1 52. h4 Rg1+ 53. Kf5 Ra1 54. Ne6+ Kh6 55. Nc7+ Kh5 56. Rb7 Rf1+ 57. Ke4 Kg4 58. a7 Re1+ 59. Kd3 Kf3 60. a8=Q Re3+ 61. Kd4 Re4+ 62. Kd5 Kf4 63. Qf8+ 1-0

[Event "30th Abu Dhabi Festival A-Open 2024"]
[Site "Abu Dhabi"]
[Date "2024.08.22"]
[Round "7.7"]
[White "Kuandykuly, Danis"]
[Black "Arellano, Bryle"]
[Result "1/2-1/2"]
[ECO "B10"]
[WhiteElo "2224"]
[BlackElo "2034"]
[Annotator "RC"]
[PlyCount "158"]
[EventDate "2024.08.15"]
[EventType "swiss"]
[EventCountry "UAE"]
[SourceTitle "playchess.com"]
[Source "ChessBase"]
[SourceQuality "1"]
[TimeControl "5400+30"]

1. e4 c6 2. Ne2 d5 3. e5 Bf5 4. Ng3 Bg6 5. h4 h5 6. e6 fxe6 7. d4 Qd6 8. Bd3 Bxd3 9. Qxd3 e5 10. Bg5 Nd7 11. Nd2 g6 12. c4 Bg7 13. cxd5 cxd5 14. dxe5 Nxe5 15. Qb3 Qa6 16. Ne2 Nd3+ 17. Kf1 Nf6 18. Rh3 Nc5 19. Qc2 Nfe4 20. Nxe4 Nxe4 21. Rf3 Rf8 22. Rxf8+ Kxf8 23. Kg1 Qc4 24. Qd1 Nxg5 25. hxg5 Bxb2 26. Rb1 Be5 27. Rxb7 Rd8 28. Qd2 Qc6 29. Rb3 d4 30. Qd3 Kg7 31. Ra3 Rc8 32. Rxa7 Kf8 33. g3 Qc2 34. Qf3+ Qf5 35. Qxf5+ gxf5 36. Rd7 Rc4 37. Rd5 d3 38. Rxd3 Kf7 39. Rd2 Bd6 40. Kg2 h4 41. Nd4 Bb4 42. Rd3 hxg3 43. Kxg3 Kg6 44. Nf3 Bd6+ 45. Kg2 Ra4 46. Rd2 Ra6 47. Re2 Ra5 48. Re6+ Kf7 49. Re2 Kg6 50. Rc2 Ra6 51. Rb2 e5 52. Rb5 e4 53. Nh4+ Kxg5 54. Nxf5 Kf4 55. Ne3 Be5 56. Rb7 Kg5 57. Rf7 Bd4 58. Nc2 Be5 59. a3 Bb2 60. Re7 Kf4 61. Rd7 Rc6 62. Ne3 Rg6+ 63. Kf1 Bxa3 64. Rf7+ Ke5 65. Nc4+ Ke6 66. Rf4 Bc5 67. Rxe4+ Kd5 68. Rf4 Ra6 69. Nd2 Ra1+ 70. Kg2 Ra2 71. Ne4 Ke5 72. Rg4 Kf5 73. Rh4 Be7 74. Ng3+ Kg6 75. Rg4+ Kf7 76. Ne4 Ke6 77. Kh3 Ra3+ 78. Ng3 Bd6 79. f4 Rf3 1/2-1/2

[Event "30th Abu Dhabi Festival A-Open 2024"]
[Site "Abu Dhabi"]
[Date "2024.08.22"]
[Round "7.8"]
[White "Saif, Ahmed"]
[Black "Fadi, Marko"]
[Result "1/2-1/2"]
[ECO "B38"]
[WhiteElo "2022"]
[BlackElo "2221"]
[Annotator "RC"]
[PlyCount "40"]
[EventDate "2024.08.15"]
[EventType "swiss"]
[EventCountry "UAE"]
[SourceTitle "playchess.com"]
[Source "ChessBase"]
[SourceQuality "1"]
[TimeControl "5400+30"]

1. e4 c5 2. Nf3 Nc6 3. d4 cxd4 4. Nxd4 g6 5. c4 Bg7 6. Be3 Nf6 7. Nc3 O-O 8. Be2 Nxd4 9. Bxd4 d6 10. O-O Bd7 11. Qd2 Bc6 12. f3 a5 13. b3 Nd7 14. Bf2 Nc5 15. Rac1 Qb6 16. Nb5 Rfc8 17. Rfd1 Qd8 18. Nc3 Qb6 19. Nb5 Qd8 20. Nc3 Qb6 1/2-1/2

[Event "30th Abu Dhabi Festival A-Open 2024"]
[Site "Abu Dhabi"]
[Date "2024.08.22"]
[Round "7.9"]
[White "Abdullayev, Elshad"]
[Black "Andreasyan, Edgar"]
[Result "0-1"]
[ECO "E05"]
[WhiteElo "2205"]
[BlackElo "2027"]
[Annotator "RC"]
[PlyCount "80"]
[EventDate "2024.08.15"]
[EventType "swiss"]
[EventCountry "UAE"]
[SourceTitle "playchess.com"]
[Source "ChessBase"]
[SourceQuality "1"]
[TimeControl "5400+30"]

1. Nf3 d5 2. d4 Nf6 3. c4 e6 4. g3 dxc4 5. Bg2 a6 6. O-O Nc6 7. Nc3 Rb8 8. e4 Be7 9. Be3 O-O 10. Qe2 b5 11. Rad1 Bb7 12. a3 Qe8 13. e5 Nd5 14. Nxd5 exd5 15. Ng5 Nd8 16. f4 Bxg5 17. fxg5 Ne6 18. Bh3 Qe7 19. Rf6 c5 20. Qh5 cxd4 21. Rxd4 Nxd4 22. Bxd4 Bc8 23. Bg2 Rd8 24. Rf4 Qe6 25. Qf3 b4 26. axb4 Rxb4 27. h4 Rb3 28. Qf2 Qg6 29. e6 Bxe6 30. Kh2 a5 31. Qe1 a4 32. Qe5 h6 33. Bf3 hxg5 34. hxg5 Rdb8 35. Bxd5 Rxb2+ 36. Bxb2 Qc2+ 37. Kg1 Rxb2 38. Be4 Qh2+ 39. Kf1 Bh3+ 40. Ke1 Qd2# 0-1

[Event "30th Abu Dhabi Festival A-Open 2024"]
[Site "Abu Dhabi"]
[Date "2024.08.22"]
[Round "7.10"]
[White "Talgatov, Nazar"]
[Black "Soud, Jaber"]
[Result "1/2-1/2"]
[ECO "C65"]
[WhiteElo "2171"]
[BlackElo "1962"]
[Annotator "RC"]
[PlyCount "70"]
[EventDate "2024.08.15"]
[EventType "swiss"]
[EventCountry "UAE"]
[SourceTitle "playchess.com"]
[Source "ChessBase"]
[SourceQuality "1"]
[TimeControl "5400+30"]

1. e4 e5 2. Nf3 Nc6 3. Bb5 Nf6 4. d3 Bc5 5. O-O d6 6. c3 O-O 7. h3 Bd7 8. Nbd2 a6 9. Ba4 Ne7 10. d4 Bxa4 11. Qxa4 b5 12. Qc2 exd4 13. cxd4 Bb6 14. Re1 Ng6 15. a4 Re8 16. Nf1 c5 17. d5 c4 18. Ng3 Nd7 19. Be3 Nde5 20. Nxe5 Nxe5 21. Re2 Bxe3 22. Rxe3 Qf6 23. Rf1 Nd3 24. b3 Rac8 25. axb5 axb5 26. bxc4 bxc4 27. Rf3 Qe5 28. Rb1 g6 29. Re3 h5 30. Nf1 Qf6 31. Rb7 Rb8 32. Rf3 Qxf3 33. Rxb8 Qxe4 34. Rxe8+ Qxe8 35. Qxc4 Qe2 1/2-1/2

[Event "30th Abu Dhabi Festival A-Open 2024"]
[Site "Abu Dhabi"]
[Date "2024.08.22"]
[Round "7.11"]
[White "UNWANA, Eugene Ekpoikong"]
[Black "Wen, Gehua"]
[Result "0-1"]
[ECO "C11"]
[WhiteElo "2042"]
[BlackElo "2119"]
[Annotator "RC"]
[PlyCount "82"]
[EventDate "2024.08.15"]
[EventType "swiss"]
[EventCountry "UAE"]
[SourceTitle "playchess.com"]
[Source "ChessBase"]
[SourceQuality "1"]
[TimeControl "5400+30"]

1. e4 e6 2. d4 d5 3. Nc3 Nf6 4. e5 Nfd7 5. Nf3 c5 6. dxc5 Nc6 7. Bf4 Nxc5 8. Be2 Be7 9. a3 a6 10. O-O f5 11. exf6 Bxf6 12. Re1 O-O 13. Bg3 d4 14. b4 d3 15. bxc5 dxe2 16. Nxe2 Bxa1 17. Qxa1 Qf6 18. Qb1 e5 19. Nc3 Bg4 20. Bh4 Qh6 21. Qb3+ Kh8 22. Bg5 Qg6 23. Nxe5 Nxe5 24. Rxe5 Rae8 25. Rxe8 Rxe8 26. h4 h6 27. Bf4 Bf3 28. Bg3 Bc6 29. Nd5 Qe4 30. c4 Qd4 31. Nf4 Re1+ 32. Kh2 Qa1 33. Ng6+ Kh7 34. Nf8+ Kg8 35. Bd6 Rh1+ 36. Kg3 Qg1 37. f3 Qe1+ 38. Kf4 Rxh4+ 39. g4 Rh3 40. Qd3 Rxf3+ 41. Qxf3 g5+ 0-1